[Event "Early-Titled-Tuesday-Blitz-October-03-2023"]
[Site "Chess.com"]
[Date "2023.10.03"]
[Round "3"]
[White "Rosh1610"]
[Black "Daffidollchess2"]
[Result "0-1"]
[WhiteElo "2461"]
[BlackElo "2710"]
[TimeControl "180+1"]
[EndTime "8:29:43 PDT"]
[Termination "Daffidollchess2 won by checkmate"]

1. e4 c5 2. Nc3 Nc6 3. f4 e6 4.
Nf3 d5 5. exd5 exd5 6. Bb5 Nf6 7.
O-O Be7 8. Bxc6+ bxc6 9. d3 O-O 10. b3 Bd6 11. Ne2 Re8 12. c4 d4 13. Ng3 Qc7 14. Ng5 h6 15. N5e4 Nxe4 16. Nxe4 Bf8 17. f5 Rxe4 18.
dxe4 Bd6 19. Qh5 f6 20. Bd2 Bd7 21. Rae1 Be8 22. Qg4 Kf8 23. Qh4 Be5 24. Bf4 a5 25. Qg3 Bf7 26. Bxe5 Qxe5 27. Qxe5 fxe5 28. f6 g6 29. a4 Rb8 30. Rf3 Ke8 31. Rd3 Kd7 32.
Rf1 Ke6 33. g4 Rg8 34. h4 g5 35. Kh2 gxh4 36. Kh3 Bg6 37. f7 Rf8 38. Rdf3 Rxf7 39. Rxf7 Bxf7 40. Kxh4 Bg6 41. Re1 Kf6 42. Re2 d3 43.
Re3 Bxe4 44. Re1 Bg6 45. Kg3 Be4 46. Kf2 Kg5 47. Ke3 Bg6 48. Kf3 e4+ 49. Ke3 Kxg4 50.
Rg1+ Kf5 51. Rf1+ Kg5 52. Rg1+ Kf6 53. Rf1+ Bf5 54. Rh1 Kg5 55. Rg1+ Bg4 56. Rg2 Kf5 57. Rf2+ Bf3 58. Rh2 h5 59. Rh4 Kg5 60. Rh2 h4 61. Rf2 Kg4 62. Rd2 h3 63. Rf2 Kg3 64.
Rd2 h2 65. Rf2 h1=Q 66. Rh2 Qe1+ 67. Re2 Qxe2# 0-1

[Event "Early-Titled-Tuesday-Blitz-October-03-2023"]
[Site "Chess.com"]
[Date "2023.10.03"]
[Round "3"]
[White "JACK_BAU3R"]
[Black "mmDarko"]
[Result "1/2-1/2"]
[WhiteElo "2003"]
[BlackElo "2294"]
[TimeControl "180+1"]
[EndTime "8:29:43 PDT"]
[Termination "Game drawn by repetition"]

1. d4 Nf6 2. c3 d5 3. Bf4 Bf5 4. Qb3 Qc8 5. Nd2 e6 6. c4 Nbd7 7. cxd5 exd5 8. Rc1 c6 9. Ngf3 Be7 10. Nh4 Be6 11. e3 O-O 12. Bd3 Ne4 13. Nhf3 Ndf6 14. h3 a5 15. O-O Nxd2 16. Nxd2 Ne4 17. Nxe4 dxe4 18. Bc4 a4 19. Bxe6 axb3 20. Bxc8 Rfxc8 21. a3 Ra5 22. Rc3 Rb5 23. Rd1 Rd8 24. Rdc1 f5 25. Kf1 Kf7 26. Ke2 Ke6 27. f3 Kd5 28. Bg3 g6 29. Be1 Bd6 30. Rc4 Re8 31. f4 Ra8 32.
g4 h6 33. Bd2 fxg4 34. hxg4 h5 35. gxh5 gxh5 36. R4c3 Rh8 37. Rh1 h4 38. Rh3 Be7 39. Rc1 Ke6 40. Rch1 Kf5 41. Be1 Rb6 42. Kf1 Ra6 43.
Bxh4 Bxh4 44. Rxh4 Rxh4 45. Rxh4 c5 46. Rh5+ Kg4 47.
Rxc5 Kf3 48. Rc3 Rh6 49. Kg1 Rg6+ 50. Kf1 Rh6 51. Kg1 Rg6+ 52. Kf1 Rh6 1/2-1/2

[Event "Early-Titled-Tuesday-Blitz-October-03-2023"]
[Site "Chess.com"]
[Date "2023.10.03"]
[Round "3"]
[White "Likvidator228"]
[Black "sokidze"]
[Result "1/2-1/2"]
[WhiteElo "2568"]
[BlackElo "2789"]
[TimeControl "180+1"]
[EndTime "8:29:44 PDT"]
[Termination "Game drawn by repetition"]

1. d4 Nf6 2. Nf3 e6 3. Bf4 d5 4. e3 Bd6 5. Bxd6 Qxd6 6. Nbd2 O-O 7. Bd3 c5 8. c3 Nbd7 9. O-O b6 10. a4 e5 11. dxe5 Nxe5 12. Nxe5 Qxe5 13. Nf3 Qe7 14. a5 Bd7 15. axb6 axb6 16. Qe2 Ne4 17. Nd2 Nd6 18.
Qh5 f5 19. h3 g6 20. Qf3 Be6 21. Rfd1 b5 22. Qf4 Bf7 23. Nf3 Nc4 24. Bxc4 bxc4 25. Ng5 Rab8 26. Nxf7 Qxf7 27. Rd2 Rfd8 28. Rad1 Rb7 29.
Qe5 Re7 30. Qf4 Red7 31. Qe5 Re8 32. Qf4 Qe6 33. Qf3 Red8 34. h4 Kg7 35. g3 Qe4 36. Qxe4 fxe4 37. Kg2 Kf6 38. Ra1 Ke5 39. Ra5 Rc7 40. Kf1 Rb8 41. Ke2 Kd6 42. Ra6+ Ke5 43. Ra5 h5 44. Ra6 Rg7 45. Ra5 Rc8 46. Ra6 Rd8 47.
Rc6 Rb8 48. Rxc5 Rd7 49. Rxc4 dxc4 50. Rxd7 Rxb2+ 51. Rd2 Rb3 52. Rc2 Rb1 53. Ra2 Rc1 54. Kd2 Rf1 55. Ra5+ Ke6 56. Ke2 Rc1 57. Kd2 Rf1 58.
Ke2 Rc1 59. Rg5 Kf6 60. Kd2 Rf1 61. Ke2 Rc1 62. Kd2 Rf1 63. Ke2 Rc1 1/2-1/2

[Event "Early-Titled-Tuesday-Blitz-October-03-2023"]
[Site "Chess.com"]
[Date "2023.10.03"]
[Round "3"]
[White "wild3000"]
[Black "FERNANDEZL1983"]
[Result "1-0"]
[WhiteElo "2414"]
[BlackElo "2585"]
[TimeControl "180+1"]
[EndTime "8:29:44 PDT"]
[Termination "wild3000 won by checkmate"]

1. d4 Nf6 2. Nf3 g6 3. g3 Bg7 4. Bg2 O-O 5. O-O d6 6. c4 c6 7. Nc3 Bf5 8. Bf4 Ne4 9. Be3 Nxc3 10.
bxc3 Be4 11. a4 Na6 12. a5 c5 13. Qb3 Qc7 14. Nd2 Bxg2 15. Kxg2 Rab8 16. Rfb1 e6 17. f3 Rfd8 18. Bf2 d5 19. Rd1 cxd4 20. cxd4 dxc4 21.
Nxc4 Rbc8 22. Rac1 Qd7 23. Ne5 Qd5 24. Qxd5 exd5 25. Nd3 Rc4 26. Nc5 Nxc5 27. dxc5 Rxc1 28. Rxc1 h5 29. c6 bxc6 30. Rxc6 d4 31. Rc7 a6 32. Rc6 d3 33. exd3 Rxd3 34. Rxa6 Rd2 35. Kf1 Ra2 36. Ra8+ Kh7 37. a6 Ra1+ 38. Kg2 Ra2 39. Kf1 Ra1+ 40. Ke2 Ra2+ 41. Ke3 Bh6+ 42. f4 g5 43. Kf3 g4+ 44. Kg2 Bg7 45. Kf1 Ra1+ 46. Ke2 Ra2+ 47. Ke3 Bc3 48. a7 Bf6 49. Ke4 Ra4+ 50.
Kf5 Kg7 51. Rb8 Ra5+ 52. Ke4 Ra4+ 53. Kd3 Ra3+ 54. Kc4 Ra4+ 55. Kb5 Ra2 56. a8=Q Rxf2 57. Rg8+ Kh7 58. Rf8 Rb2+ 59. Kc4 Rc2+ 60. Kd3 Rc3+ 61.
Kd2 Rc7 62. Rc8 Rd7+ 63. Ke2 Bc3 64. Qe4+ Kg7 65. Rxc3 Ra7 66. Qe5+ Kh7 67. Qe4+ Kg7 68. Qd4+ Kg6 69. Qxa7 h4 70. Qc5 hxg3 71. Qg5+ Kh7 72.
hxg3 Kh8 73. Rc8+ Kh7 74. Qf5+ Kg7 75. Rc7 Kh6 76. Qf6+ Kh5 77. Rc5# 1-0

[Event "Early-Titled-Tuesday-Blitz-October-03-2023"]
[Site "Chess.com"]
[Date "2023.10.03"]
[Round "3"]
[White "Russian_berezka"]
[Black "AvitalBor"]
[Result "1-0"]
[WhiteElo "2619"]
[BlackElo "2851"]
[TimeControl "180+1"]
[EndTime "8:29:45 PDT"]
[Termination "Russian_berezka won on time"]

1. d4 e6 2. c4 d5 3. Nc3 Bb4 4. Qa4+ Nc6 5. e3 Nf6 6. Nf3 O-O 7. Bd2 a6 8. Qc2 Re8 9. a3 Bf8 10. Rd1 b6 11. cxd5 exd5 12. Bd3 Bb7 13. O-O Bd6 14. Rfe1 h6 15. e4 dxe4 16. Nxe4 Nxe4 17. Bxe4 Nxd4 18.
Nxd4 Bxh2+ 19. Kxh2 Qh4+ 20. Kg1 Bxe4 21. Qc3 c5 22.
Ne2 Rad8 23. Ng3 Bg6 24. Rxe8+ Rxe8 25. Re1 Rd8 26. Be3 h5 27. Qe5 Qg4 28. f3 Qd7 29.
Nxh5 f6 30. Qh2 Qf5 31. Nf4 Bf7 32. Qg3 Qc2 33. Qf2 Qb3 34. Bc1 c4 35. Qe3 Qb5 36.
Qf2 Qb3 37. Be3 b5 38. Bd4 a5 39. Bb6 b4 40. Bxd8 bxa3 41. bxa3 c3 42. Qe3 Qxa3 43.
Rc1 Qd6 44. Bxa5 g5 45. Ne2 c2 46. Bd2 Bg6 47. Nd4 Qa3 48. Qxa3 1-0

[Event "Early-Titled-Tuesday-Blitz-October-03-2023"]
[Site "Chess.com"]
[Date "2023.10.03"]
[Round "3"]
[White "Abund"]
[Black "Orest_Vovk"]
[Result "1-0"]
[WhiteElo "2776"]
[BlackElo "2529"]
[TimeControl "180+1"]
[EndTime "8:29:46 PDT"]
[Termination "Abund won on time"]

1. c4 g5 2. d4 h6 3. e4 Bg7 4. h4 c5 5. d5 d6 6. hxg5 hxg5 7. Rxh8 Bxh8 8. Qh5 Bf6 9. Nf3 g4 10. Ng5 Bxg5 11. Bxg5 Nf6 12. Qh8+ Kd7 13. Bxf6 exf6 14.
Qg7 Ke7 15. Be2 Qb6 16. b3 Qb4+ 17. Kd1 b5 18. Kc2 bxc4 19. Bxc4 Qe1 20. f3 g3 21. a4 Na6 22. Kb2 Nb4 23. Qh6 Ba6 24. Bxa6 Nxa6 25. Qd2 Qf2 26. Qxf2 gxf2 27. Nd2 Rg8 28. g4 Nb4 29.
Rf1 Rh8 30. Kc3 Rh2 31. Nc4 Rg2 32. Ne3 Rh2 33. Nd1 Na2+ 34. Kd2 Nb4 35. Rxf2 Rh1 36. Ke2 Rg1 37. Rf1 Rg2+ 38. Rf2 Rg1 39. Rf1 Rg2+ 40. Nf2 Nc2 41. Rh1 Nd4+ 42. Ke3 Rg3 43. Rh3 Rg1 44.
Rh1 Rg3 45. Rh3 Rg1 46. b4 Re1+ 47. Kd3 Rb1 48. bxc5 Rb3+ 49. Kc4 dxc5 50. Kxc5 Nc2 51.
f4 Rb2 52. Rc3 Nb4 53. Nd3 Na6+ 54. Kd4 1-0

[Event "Early-Titled-Tuesday-Blitz-October-03-2023"]
[Site "Chess.com"]
[Date "2023.10.03"]
[Round "3"]
[White "Road2GM3000"]
[Black "Hasangatin_Ramil"]
[Result "0-1"]
[WhiteElo "2360"]
[BlackElo "2730"]
[TimeControl "180+1"]
[EndTime "8:29:46 PDT"]
[Termination "Hasangatin_Ramil won by checkmate"]

1. d4 d6 2. c4 e5 3. Nf3 e4 4.
Ng5 f5 5. Nh3 Nf6 6. Nc3 Be7 7.
g3 O-O 8. Bg2 c6 9. O-O d5 10.
cxd5 cxd5 11. Qb3 Nc6 12. Rd1 Na5 13. Qa4 Bd7 14. Qc2 Rc8 15. Qd2 Nc4 16. Qe1 Be6 17. Nf4 Qd7 18. b3 Nb6 19. Nxe6 Qxe6 20. Bd2 Rc6 21. a4 a6 22. a5 Nbd7 23. Na4 Rfc8 24. Rdc1 Nf8 25. Nb6 R8c7 26. Bf4 Rxc1 27. Rxc1 Rxc1 28.
Qxc1 Qc6 29. Qxc6 bxc6 30. e3 Bb4 31. Bf1 Bxa5 32. Na4 Kf7 33. Bxa6 Ke7 34. Bb7 Ne6 35.
Bxc6 Nxf4 36. gxf4 Bb4 37. Kg2 Kd6 38. Bb5 h6 39.
Kg3 Be1 40. h3 Nh5+ 41. Kg2 g5 42. fxg5 hxg5 43. Be8 Nf6 44. Bg6 f4 45. Nb6 Bd2 46.
exf4 gxf4 47. h4 Bc3 48. h5 Ng4 49. Nc8+ Ke6 50. Be8 Bxd4 51. b4 f3+ 52. Kf1 Bxf2 53. h6 Bd4 54. h7 e3 55. Bb5 Nh2+ 56. Ke1 Bc3+ 57. Kd1 Ng4 58. Bd3 Nf2+ 59. Kc2 e2 60. Kxc3 e1=Q+ 61. Kb3 Qe5 62. b5 Nxd3 63. b6 Nc5+ 64.
Kb4 Nb7 65. Kb5 Qh8 66. Kc6 Qxc8+ 67. Kb5 Qh8 68. Ka6 Qxh7 69. Ka7 Nc5+ 70. Ka8 Qb7# 0-1

[Event "Early-Titled-Tuesday-Blitz-October-03-2023"]
[Site "Chess.com"]
[Date "2023.10.03"]
[Round "3"]
[White "Aleksandar-Topalov"]
[Black "Sadykov_Ramil"]
[Result "0-1"]
[WhiteElo "2400"]
[BlackElo "2607"]
[TimeControl "180+1"]
[EndTime "8:29:48 PDT"]
[Termination "Sadykov_Ramil won by resignation"]

1. b3 e5 2. Bb2 Nc6 3. c4 Nf6 4. e3 d5 5. cxd5 Nxd5 6. a3 a5 7. Qc2 Bd6 8. Nf3 O-O 9. d3 Nb6 10. Nbd2 f5 11. g3 Be6 12. Be2 Kh8 13. Nc4 Nxc4 14.
dxc4 b6 15. O-O-O Qe7 16. c5 Bxc5 17. Nxe5 Nxe5 18. Bxe5 Bxa3+ 19. Kb1 a4 20. Qxc7 Bxb3 21. Qxe7 Bxe7 22. Rd7 Bf6 23. Bxf6 Rxf6 24. Rc1 Rf7 25. Rd6 g6 26. Rxb6 Rd7 27. Bc4 Bxc4 28. Rxc4 a3 29. Rc2 Kg7 30. Ka2 Rd3 31. Rb3 Rxb3 32. Kxb3 Kf6 33. Ra2 Ke5 34. f3 g5 35. Rxa3 Rxa3+ 36. Kxa3 g4 37. f4+ Ke4 38. Kb4 Kxe3 39. Kc5 Kf3 40. Kd5 Kg2 41. Ke5 Kxh2 42. Kxf5 Kxg3 43.
Ke5 Kh2 44. f5 g3 45. f6 g2 46. f7 g1=Q 47. f8=Q Qe1+ 48. Kd5 Qg3 49. Qh6+ Qh3 50.
Qd6+ Kg2 51. Qe7 h5 52. Qg7+ Qg4 53. Qb2+ Kg3 54. Qe5+ Kh3 55. Qe3+ Qg3 56. Qe6+ Kh4 57. Qf6+ Qg5+ 58. Qxg5+ Kxg5 59. Ke4 Kg4 60. Ke3 Kg3 61. Ke2 Kg2 62. Ke1 h4 0-1

[Event "Early-Titled-Tuesday-Blitz-October-03-2023"]
[Site "Chess.com"]
[Date "2023.10.03"]
[Round "3"]
[White "HajiyevKanan"]
[Black "LionTheLeon_06"]
[Result "1-0"]
[WhiteElo "2518"]
[BlackElo "2789"]
[TimeControl "180+1"]
[EndTime "8:29:49 PDT"]
[Termination "HajiyevKanan won by resignation"]

1. d4 e6 2. Nf3 d5 3. c4 Nf6 4.
cxd5 exd5 5. Nc3 c6 6. Qc2 Be7 7. Bf4 g6 8. e3 Bf5 9. Bd3 Bxd3 10. Qxd3 Nbd7 11. O-O O-O 12. h3 Re8 13. Rab1 a5 14.
Rfe1 Nb6 15. Ne5 Bd6 16. Qc2 Re6 17. Bh2 Nfd7 18. f4 Re8 19. Kh1 f6 20. Nxg6 Nc4 21.
Ne5 fxe5 22. dxe5 Bb4 23. Rbd1 Qb6 24. e4 Ne3 25. Rxe3 Qxe3 26. exd5 Bxc3 27. bxc3 cxd5 28. Rxd5 Nf8 29. Qb3 Kh8 30. f5 Rad8 31. Qxb7 Qe4 32. Rxd8 Qxb7 33. Rxe8 Qb1+ 34. Bg1 Kg8 35. e6 Qb5 36. f6 Qxe8 37. f7+ Qxf7 38. exf7+ Kxf7 39. a4 Nd7 40. Bd4 Ke6 41. g4 Kd5 42. Kg2 Kc4 43.
h4 Kb3 44. g5 Kxa4 45. h5 Nf8 46. Bg7 Ne6 47. Bf6 Nf4+ 48. Kf3 Nxh5 49. Be5 Kb3 50.
Kg4 a4 51. c4 Kxc4 52. Kxh5 Kd5 53. Ba1 Ke6 54. Kh6 Kf5 55. Bf6 a3 56. Kxh7 a2 57. Kh6 Ke6 58. Ba1 Kf7 59. g6+ Kg8 60. g7 Kf7 61. Kh7 1-0

[Event "Early-Titled-Tuesday-Blitz-October-03-2023"]
[Site "Chess.com"]
[Date "2023.10.03"]
[Round "3"]
[White "Mops_2004"]
[Black "NelsonLinda"]
[Result "0-1"]
[WhiteElo "2797"]
[BlackElo "2589"]
[TimeControl "180+1"]
[EndTime "8:29:50 PDT"]
[Termination "NelsonLinda won on time"]

1. g3 Nf6 2. Bg2 g6 3. d4 Bg7 4. e4 d6 5. Nc3 Nbd7 6. Nf3 O-O 7. O-O e5 8. h3 Qe7 9. Re1 c6 10. a4 a5 11. b3 exd4 12. Nxd4 Nc5 13. Bf4 Rd8 14.
Qd2 Ne6 15. Nxe6 Qxe6 16. Rad1 Ne8 17. e5 d5 18. Ne4 Bd7 19. Nc5 Qe7 20. Nxb7 Rdb8 21.
Nd6 Nc7 22. Bg5 Qf8 23. Ne4 Bc8 24. Nf6+ Kh8 25. h4 Ne6 26. Be3 h5 27. f4 Nc5 28.
Qc3 Na6 29. Qxc6 Nb4 30. Qc3 Bxf6 31. exf6 Bg4 32. Rd2 Rc8 33. Qb2 Bf5 34. Ree2 Rc7 35. Bb6 Rc6 36. Bd4 Rac8 37. c3 Na6 38. Bxd5 Rd6 39.
Be5 Rdd8 40. c4 Nc7 41. Bf3 Qc5+ 42. Kg2 Ne6 43. Rxd8+ Rxd8 44. Rd2 Kh7 45. Rxd8 Nxd8 46. Qd4 Qa3 47. Qb2 Qb4 48. Bc3 Qc5 49. Qd2 Ne6 50. Qd5 Qa3 51. Qd2 Qxb3 52. Bd5 Qxa4 53. Be5 Nc5 54.
Bxf7 Qb3 55. Bd5 Ne4 0-1

[Event "Early-Titled-Tuesday-Blitz-October-03-2023"]
[Site "Chess.com"]
[Date "2023.10.03"]
[Round "3"]
[White "Juicy_Fork"]
[Black "grzechu96"]
[Result "0-1"]
[WhiteElo "2466"]
[BlackElo "2657"]
[TimeControl "180+1"]
[EndTime "8:29:52 PDT"]
[Termination "grzechu96 won by resignation"]

1. e4 c5 2. Nf3 d6 3. d4 cxd4 4. Nxd4 Nf6 5. Nc3 a6 6. Bd3 g6 7.
O-O Bg7 8. Re1 O-O 9. Bf1 Nc6 10. Nb3 Be6 11. Nd5 Rc8 12. c3 Ne5 13. Bg5 Bxd5 14. exd5 Re8 15. h3 Nc4 16. Bxc4 Rxc4 17. Qd3 Rc8 18.
Rad1 h6 19. Bh4 Qc7 20. Qf3 Nd7 21. Bg3 Ne5 22. Bxe5 Bxe5 23. Qe3 Kg7 24. h4 h5 25.
Nd4 Bf6 26. Qg3 Kh7 27. f4 Qc4 28. f5 Qxd5 29. fxg6+ fxg6 30. Ne6 Qf5 31. Nd4 Qg4 32. Qxg4 hxg4 33. g3 Rc4 34. Ne6 Rec8 35. Rd3 b5 36.
Rde3 b4 37. cxb4 Rxb4 38. b3 a5 39. Re4 Rxe4 40. Rxe4 Rc2 41. Rxg4 Rxa2 42. Nf8+ Kg7 43. Nxg6 Kf7 44. Nf4 Rb2 45. h5 Rxb3 46. h6 a4 47. h7 a3 48. Rg6 Bd4+ 49. Kh2 a2 50. Ne6 a1=Q 51. Nxd4 Qxd4 52. Rg8 Rb2+ 53. Kh3 Rb1 54. h8=Q Qxh8+ 55. Rxh8 Rh1+ 56. Kg2 Rxh8 57. g4 Rg8 58.
Kf3 Rg6 59. Kf4 Ke6 60. g5 Kf7 61. Kg4 Kg7 62. Kh5 Rxg5+ 63. Kxg5 Kf7 64. Kf5 e6+ 65. Ke4 Kf6 0-1

[Event "Early-Titled-Tuesday-Blitz-October-03-2023"]
[Site "Chess.com"]
[Date "2023.10.03"]
[Round "3"]
[White "Good_Knight_Kiss"]
[Black "lluiss"]
[Result "1-0"]
[WhiteElo "2411"]
[BlackElo "2215"]
[TimeControl "180+1"]
[EndTime "8:29:54 PDT"]
[Termination "Good_Knight_Kiss won by checkmate"]

1. e4 e6 2. d4 d5 3. Nc3 c5 4. exd5 exd5 5. dxc5 d4 6. Bb5+ Nc6 7. Bxc6+ bxc6 8. Nce2 Bxc5 9. Nf3 Ba6 10. O-O d3 11.
cxd3 Qxd3 12. Qxd3 Bxd3 13. Re1 Kf8 14. Nf4 Bf5 15. Be3 Bxe3 16. Rxe3 Nf6 17. Rc1 Rc8 18. Nd4 Bd7 19. f3 c5 20. Rec3 Ke7 21. Rxc5 Rxc5 22.
Rxc5 Rb8 23. b3 Rb4 24. Nd5+ Nxd5 25. Rxd5 Be6 26. Nxe6 Kxe6 27. Ra5 Rb7 28. Kf2 Rd7 29. Ke3 f6 30. h4 g6 31. g4 h6 32. h5 g5 33. Ke4 Rb7 34. Ra6+ Kf7 35. Kd5 Ke7 36. Kc6 Rd7 37. Kc5 Rd3 38. Rxa7+ Ke6 39. b4 Rxf3 40.
b5 f5 41. Ra6+ Ke5 42. gxf5 Rxf5 43. Rxh6 g4 44. Rg6 Kf4+ 45. Kc6 Rxh5 46. b6 Rh7 47. b7 Rh8 48. Kc7 Rh7+ 49. Kb6 Rh8 50. Ka7 Rh7 51. Ka8 Rxb7 52. Kxb7 Kf5 53. Rg8 Kf4 54. a4 g3 55. a5 Kf3 56. a6 g2 57. a7 Kf2 58.
Rxg2+ Kxg2 59. a8=Q Kf2 60. Qe8 Kf3 61. Kc6 Kf2 62.
Kd5 Kf3 63. Qe4+ Kf2 64. Kd4 Kg1 65. Ke3 Kf1 66. Qc2 Kg1 67. Kf3 Kh1 68. Qg2# 1-0

[Event "Early-Titled-Tuesday-Blitz-October-03-2023"]
[Site "Chess.com"]
[Date "2023.10.03"]
[Round "3"]
[White "Caroexpert"]
[Black "Susal_De_Silva"]
[Result "1-0"]
[WhiteElo "2490"]
[BlackElo "2692"]
[TimeControl "180+1"]
[EndTime "8:29:56 PDT"]
[Termination "Caroexpert won by resignation"]

1. d4 Nf6 2. Nf3 e6 3. Bf4 d5 4.
e3 Bd6 5. Nbd2 Bxf4 6. exf4 Qd6 7. g3 b6 8. c3 O-O 9. Bd3 Ba6 10. Bxa6 Nxa6 11.
h4 c5 12. Qe2 Nb8 13. h5 h6 14. Ne5 Nc6 15. Ndf3 Ne4 16. O-O Ne7 17. Rfd1 f6 18.
dxc5 Nxc5 19. Nd3 Ne4 20. c4 Rae8 21. cxd5 exd5 22. Nd4 Nc6 23. Nxc6 Nxg3 24. Qf3 Ne2+ 25. Kg2 Qxc6 26. Nb4 Qe6 27. Nxd5 Rd8 28. Rd2 Rxd5 29.
Rxe2 Qd7 30. Rae1 Qb5 31. a4 Qc5 32. b4 Qd6 33. Re6 Qd8 34. Re7 Rd4 35. Qg4 Qd5+ 36.
Kh2 Rf7 37. Re8+ Rf8 38. R1e7 Qg5 39. fxg5 Rxg4 40. g6 Rh4+ 41. Kg3 Rxh5 42. Rxf8+ Kxf8 43. Rf7+ Kg8 44. f4 Rh1 45. Kf2 Rh4 46. Kg3 Rh1 47. Kg4 h5+ 48. Kf5 Rd1 49. Rxa7 Rd8 50. a5 bxa5 51. b5 h4 52. b6 h3 53. b7 h2 54. Ra8 Kf8 55. Rxd8+ Ke7 1-0

[Event "Early-Titled-Tuesday-Blitz-October-03-2023"]
[Site "Chess.com"]
[Date "2023.10.03"]
[Round "3"]
[White "JohnWhite1952"]
[Black "Grossboss19"]
[Result "0-1"]
[WhiteElo "2018"]
[BlackElo "2511"]
[TimeControl "180+1"]
[EndTime "8:29:58 PDT"]
[Termination "Grossboss19 won by checkmate"]

1. e4 c6 2. d3 d5 3. Nd2 g6 4. Ngf3 Bg7 5. g3 Nd7 6. Bg2 e5 7. O-O Ne7 8. Re1 O-O 9. Qe2 f5 10. Ng5 Nb6 11. c4 h6 12. Ngf3 fxe4 13. dxe4 d4 14. b3 g5 15. Ba3 Rf7 16. Red1 Ng6 17. Ne1 Bf8 18. Bxf8 Qxf8 19. Nd3 Be6 20. Nf3 Bg4 21. Nde1 Re8 22. h3 Bc8 23. Rd3 Nd7 24. Kh2 Re6 25. a3 Nc5 26. Rdd1 Nxb3 27. Rab1 Nc5 28. Nd3 Ref6 29. Nxc5 Qxc5 30. Qd3 b6 31. Rb3 Ba6 32. Rc1 Nf8 33. Rc2 Nd7 34. Rb4 Qe7 35. Qb3 Nc5 36. Qb2 Nd3 37. Qb1 Nxb4 38. axb4 Bc8 39. c5 Rxf3 40. Bxf3 Rxf3 41. cxb6 axb6 42. Rxc6 Rxf2+ 43. Kg1 Rf8 44. Rxh6 Be6 45. Qc1 Kg7 46. Rh5 Kg6 47. g4 Rc8 48. Qd2 Qf6 49. h4 Qf4 50. Rxg5+ Kf6 51. Qg2 Rc1+ 52. Qf1 Rxf1+ 53.
Kg2 Qf3+ 54. Kh2 Rh1# 0-1

[Event "Early-Titled-Tuesday-Blitz-October-03-2023"]
[Site "Chess.com"]
[Date "2023.10.03"]
[Round "3"]
[White "aa175"]
[Black "abc_xyz4744"]
[Result "1/2-1/2"]
[WhiteElo "2602"]
[BlackElo "2415"]
[TimeControl "180+1"]
[EndTime "8:29:59 PDT"]
[Termination "Game drawn by repetition"]

1. e4 c5 2. Nf3 g6 3. d4 cxd4 4. Qxd4 Nf6 5. Nc3 Nc6 6. Qa4 d6 7. e5 dxe5 8. Nxe5 Bd7 9. Nxd7 Nxd7 10. Be3 Bg7 11. Bb5 O-O 12. O-O Qc7 13. Nd5 Qe5 14. Bxc6 bxc6 15. Qxc6 Nf6 16. Nxf6+ Bxf6 17. c3 Rab8 18. Bd4 Qa5 19. b4 Qa3 20. Bxf6 Rb6 21. Qc4 Rxf6 22. Qb3 Ra6 23. b5 Ra4 24. c4 Rc8 25.
Rfc1 Qb4 26. Rab1 Qa5 27. c5 Rxa2 28. b6 axb6 29. cxb6 Rxc1+ 30. Rxc1 Ra1 31. Rf1 Qa6 32. Rd1 Qxb6 33. Qd3 Qa5 34. g3 Rxd1+ 35. Qxd1 Qe5 36. Qd8+ Kg7 37. Qa8 Qf6 38. h4 h5 39. Kg2 e5 40.
Qb7 Qf5 41. Kg1 e4 42. Qb2+ Qf6 43. Qa3 Qd4 44. Qe7 Qd1+ 45. Kh2 Qf3 46. Qe5+ Qf6 47. Qc5 Qe6 48. Qd4+ Qf6 49. Qe3 Qf5 50. Kg1 Kh7 51. Qa7 Qf3 52. Qd4 e3 53. Qxe3 Qxe3 54. fxe3 Kg7 55.
Kf2 Kf6 56. Kf3 Ke5 57. e4 f6 58. Ke3 g5 59. hxg5 fxg5 60. Kf3 Kd4 61. e5 Kxe5 62. Ke3 Kd5 63. Kd3 Ke5 64. Ke3 Kf5 65. Kf3 Ke5 66. Ke3 1/2-1/2

[Event "Early-Titled-Tuesday-Blitz-October-03-2023"]
[Site "Chess.com"]
[Date "2023.10.03"]
[Round "3"]
[White "hurricane7791"]
[Black "Denis_Makhnyov"]
[Result "1/2-1/2"]
[WhiteElo "2700"]
[BlackElo "2944"]
[TimeControl "180+1"]
[EndTime "8:30:00 PDT"]
[Termination "Game drawn - insufficient material"]

1. d4 d5 2. c4 e6 3. Nc3 c6 4.
Nf3 dxc4 5. a4 Bb4 6. e3 b5 7. Bd2 a5 8. axb5 Bxc3 9. Bxc3 cxb5 10. b3 Bb7 11. bxc4 b4 12. Bb2 Nf6 13. Bd3 O-O 14. O-O h6 15. Bc2 Nbd7 16. Nd2 Qc7 17. f4 Rfc8 18.
e4 Nb6 19. Bd3 Ba6 20. Rc1 a4 21. e5 Ne8 22. f5 a3 23. Ba1 exf5 24. Rxf5 Qd7 25.
Rf2 Rc7 26. Qf3 Bb7 27. Qg3 Rd8 28. Rb1 Qe7 29. Rbf1 Qg5 30. e6 Qxg3 31. hxg3 Nf6 32. d5 Nbxd5 33. cxd5 Bxd5 34. Bxf6 gxf6 35. Ne4 Bxe6 36.
Nxf6+ Kf8 37. Be4 b3 38. Nh5 b2 39. Nf4 Ba2 40. Ng6+ Kg7 41. Ne5 Rc1 42. Kh2 Rdd1 43.
Rxd1 Rxd1 44. Bc2 Re1 45. Nd3 b1=Q 46. Bxb1 Bxb1 47. Nxe1 a2 48. Rxa2 Bxa2 49. Nf3 Bd5 50. Nh4 Kf6 51. Kg1 Kg5 52. Kf2 Kg4 53. Nf3 Bxf3 54.
gxf3+ Kh3 55. g4 f6 56. Ke3 Kg3 57. Ke4 Kf2 58. f4 Kg3 59. Kf5 Kf3 60. Kxf6 Kxf4 61.
Kg6 Kxg4 62. Kxh6 1/2-1/2

[Event "Early-Titled-Tuesday-Blitz-October-03-2023"]
[Site "Chess.com"]
[Date "2023.10.03"]
[Round "3"]
[White "AlexPapasimakopoulos"]
[Black "GroovyKettle"]
[Result "1-0"]
[WhiteElo "2717"]
[BlackElo "2959"]
[TimeControl "180+1"]
[EndTime "8:30:01 PDT"]
[Termination "AlexPapasimakopoulos won by resignation"]

1. Nf3 Nf6 2. b3 g6 3. Bb2 Bg7 4. g3 O-O 5. Bg2 b6 6. O-O c5 7. d4 Bb7 8. dxc5 bxc5 9. c4 d6 10. Nc3 Nc6 11. Qd2 Rb8 12. Rfe1 Qa5 13. Rad1 Rfd8 14.
h3 e6 15. Ng5 h6 16. Nge4 Nxe4 17. Nxe4 Qxd2 18. Rxd2 Bxb2 19. Rxb2 f5 20. Nc3 Nd4 21. Rd1 Kf7 22. Rbd2 Ke7 23. Kf1 a6 24. Bxb7 Rxb7 25.
Kg2 g5 26. e3 Nc6 27. f4 Rbd7 28. Kf3 Rg8 29. Na4 Rdd8 30. Nc3 h5 31. Ne2 h4 32. gxh4 gxh4 33. Rg1 Rxg1 34. Nxg1 Rg8 35. Ne2 Nb4 36. Kf2 a5 37. Kf3 Nc6 38. Kf2 Nb8 39. Rd1 a4 40. bxa4 Nc6 41. Rb1 Ra8 42. Rb7+ Kf6 43.
Rb6 Na5 44. Rxd6 Nxc4 45. Rc6 Rxa4 46. Rxc5 Nd2 47. Nc3 Rb4 48. Ke2 Nc4 49. Kd3 Nb2+ 50. Kc2 Nc4 51. Kd3 Nb2+ 52. Ke2 Nc4 53. Rb5 Rxb5 54.
Nxb5 e5 55. a4 Na5 56. Kd3 Ke6 57. Na3 Kd5 58. Nb5 exf4 59. exf4 Nc6 60. Nc7+ Kd6 61. Ne8+ Kd5 62. Ng7 Nb4+ 63. Ke3 Nc2+ 64. Kd2 Nb4 65. Nxf5 Ke4 66. Nxh4 Kxf4 67. Ng2+ Kg3 68. h4 Kxg2 69. h5 Kf3 70. h6 1-0

[Event "Early-Titled-Tuesday-Blitz-October-03-2023"]
[Site "Chess.com"]
[Date "2023.10.03"]
[Round "3"]
[White "Kaua18"]
[Black "biostatistician"]
[Result "0-1"]
[WhiteElo "2439"]
[BlackElo "2634"]
[TimeControl "180+1"]
[EndTime "8:30:02 PDT"]
[Termination "biostatistician won on time"]

1. e4 e5 2. Nf3 Nc6 3. Bb5 Nf6 4. d3 d6 5. O-O Bd7 6. c4 g6 7.
Nc3 Bg7 8. h3 O-O 9. Be3 Nh5 10.
d4 Nxd4 11. Nxd4 exd4 12. Bxd4 Bxb5 13. Nxb5 a6 14. Nc3 Qg5 15. Bxg7 Kxg7 16. Kh2 Rae8 17. Qd4+ Qe5+ 18. Qxe5+ dxe5 19. Rfd1 Rd8 20. f3 f5 21. Kg1 Nf6 22. exf5 gxf5 23. Kf2 h5 24. h4 Kf7 25. g3 Ke6 26. Re1 Rd4 27. b3 Rfd8 28.
Re2 Rd2 29. Re1 e4 30. fxe4 fxe4 31. Nd5 Rxe2+ 32. Rxe2 Ng4+ 33. Kg2 Ke5 34. Nxc7 e3 35. Nd5 Ke4 36. Kf1 Kf3 37. Ke1 Re8 38. Nf4 Re5 39. Ng6 Ra5 40. Nf4 Kxg3 41. Nd5 Kxh4 42. Nxe3 Nxe3 43.
Rxe3 Rxa2 44. Kf1 Kg4 45. Kg1 h4 46. Re7 b5 47. cxb5 axb5 48. Re5 b4 49. Rb5 Kg3 50. Rg5+ Kf3 51. Rb5 Rb2 52. Rxb4 Kg3 53. Kf1 h3 54.
Rb8 Rb1+ 55. Ke2 h2 56. Rg8+ Kf4 57. Rf8+ Ke5 58. Re8+ Kd6 59. Rd8+ Kc7 0-1

[Event "Early-Titled-Tuesday-Blitz-October-03-2023"]
[Site "Chess.com"]
[Date "2023.10.03"]
[Round "3"]
[White "Macron20hTF1"]
[Black "N4700000"]
[Result "1-0"]
[WhiteElo "2618"]
[BlackElo "2414"]
[TimeControl "180+1"]
[EndTime "8:30:02 PDT"]
[Termination "Macron20hTF1 won on time"]

1. Nf3 Nf6 2. c3 d5 3. d4 g6 4.
Bf4 Bg7 5. e3 O-O 6. Be2 b6 7. O-O c5 8. Nbd2 Nc6 9. Ne5 Bb7 10. Nxc6 Bxc6 11. Be5 Bh6 12. b4 Nd7 13. Bg3 Bg7 14. a4 a5 15. bxc5 bxc5 16. Bb5 Qc8 17.
Rb1 e5 18. Nf3 e4 19. Nd2 c4 20. Bxc6 Qxc6 21. Rb5 Nb6 22. Qa1 Ra6 23. Rfb1 Re8 24.
h3 Bf8 25. Qa2 h5 26. Bf4 Bd6 27. Bxd6 Qxd6 28. Rc5 Qd7 29. Rbb5 Rb8 30. Rxa5 Rxa5 31. Rxa5 Nc8 32. Ra6 Qb7 33. Rf6 Qb2 34. Qxb2 Rxb2 35. Nf1 Ra2 36. Rc6 Ne7 37. Rc7 Kf8 38. Ra7 Nc6 39. Ra8+ Ke7 40. g4 h4 41. g5 Ra3 42.
Ra6 Kd7 43. Nh2 Rxc3 44. Ng4 Rc1+ 45. Kg2 Ra1 46. Nf6+ Kd6 47. Ne8+ Kd7 48. Nf6+ Kd6 49. Ra8 c3 50. Ne8+ Kd7 51. Nf6+ Kc7 52. Nxd5+ Kd6 53.
Nxc3 Nb4 54. Nxe4+ Ke6 55. Nc5+ Kf5 56. Ra7 Kxg5 57. Rxf7 Nd5 58. Ne4+ Kh6 59. Kf3 Ra2 60. Ra7 Nb4 61. a5 Nd3 62. a6 Ne1+ 63. Kg4 Ra5 64. f4 1-0